 Dungeon Crawl Stone Soup version 0.23.2-1-ga50397a (webtiles) character file.

Game seed: 4166903561621009968

38102 schauveau the Whirler (level 14, -6/99 HPs)
             Began as a Halfling Hunter on May 5, 2019.
             Was the Champion of Okawaru.
             Mangled by an eight-headed hydra (13 damage)
             ... on level 6 of the Lair of Beasts.
             The game lasted 00:50:06 (19750 turns).

schauveau the Whirler (Halfling Hunter)            Turns: 19750, Time: 00:50:07

Health: -6/99      AC:  7    Str: 18    XL:     14   Next: 32%
Magic:  23/23      EV: 25    Int:  9    God:    Okawaru [******]
Gold:   1514       SH: 10    Dex: 20    Spells: 13/13 levels left

rFire    + + .     SeeInvis +   a - +5 hunting sling (freeze)
rCold    + . .     Gourm    .   H - +3 buckler
rNeg     . . .     Faith    .   J - +1 leather armour {rPois}
rPois    +         Spirit   .   I - +2 hat {SInv}
rElec    .         Reflect  .   y - scarf {rC+ rF+}
rCorr    .         Harm     .   N - +0 pair of gloves
MR       +....                  (no boots)
Stlth    +++++.....             (no amulet)
HPRegen  0.26/turn              o - ring of protection from fire
MPRegen  0.18/turn              l - ring "Bueb" {MP+9 Str+5}

@: slowed, very slow
A: small, mutation resistance 1
a: Heroism, Finesse, Renounce Religion


You were on level 6 of the Lair of Beasts.
You worshipped Okawaru.
Okawaru was exalted by your worship.
You were not hungry.

You visited 3 branches of the dungeon, and saw 15 of its levels.
You also visited: Sewer and Ice Cave.

You collected 1514 gold pieces.

Inventory:

Hand Weapons
 a - a +5 hunting sling of freezing (weapon)
 b - a +2 dagger of freezing
 i - a +7 hunting sling
 w - a +0 blowgun
 D - a +0 hand axe of flaming
 X - a +0 falchion of electrocution
Missiles
 e - 25 poisoned needles
 q - 354 stones
 G - 4 needles of sleeping
 Q - 71 sling bullets (quivered)
 R - 4 throwing nets
Armour
 k - a +1 helmet
 r - a +1 cloak
 y - a scarf of resistance (worn)
 H - a +3 buckler (worn)
 I - a +2 hat of see invisible (worn)
 J - a +1 leather armour of poison resistance (worn)
 N - a +0 pair of gloves (worn)
 O - a scarf of spirit shield
Jewellery
 g - an uncursed ring of ice
 l - the ring "Bueb" (right hand) {MP+9 Str+5}
   (You found it in an ice cave)

   [ring of magical power]

   It affects your strength (+5).
   It affects your magic capacity (+9).
 n - an uncursed ring of wizardry
 o - a ring of protection from fire (left hand)
 B - an uncursed ring of protection from cold
Wands
 j - a wand of scattershot (7)
 s - a wand of iceblast (8)
 z - a wand of random effects (29)
 E - a wand of enslavement (8)
 M - a wand of polymorph (15)
 P - a wand of flame (9)
 S - a wand of disintegration (18)
Scrolls
 h - 4 scrolls of blinking
 v - 4 scrolls of remove curse
 x - 2 scrolls of fog
 A - 4 scrolls of amnesia
 C - 2 scrolls of teleportation
 F - a scroll of holy word
 U - a scroll of enchant weapon
Potions
 c - a potion of magic {unknown}
 d - a potion of cancellation
 m - 8 potions of curing
 p - a potion of brilliance
 t - 5 potions of flight
 u - a potion of heal wounds
 K - a potion of agility
 T - a potion of degeneration {unknown}
 V - a potion of mutation {unknown}
Miscellaneous
 L - a lightning rod (4/4)
Comestibles
 f - 14 rations


   Skills:
 + Level 10.6 Fighting
 - Level 17.3 Slings
 + Level 12.4 Dodging
 + Level 13.2 Stealth
 - Level 5.6 Shields


You had 13 spell levels left.
You didn't know any spells.
Your spell library was empty.

Dungeon Overview and Level Annotations

Branches:
Dungeon (8/15)             Temple (1/1) D:4            Lair (6/6) D:8
 Shoals (0/4) Lair:3       Spider (0/4) Lair:3        Slime (0/5) Lair:5

Altars:
Ashenzari
Cheibriados
Dithmenos
Fedhas
Gozag
Hepliaklqana
Kikubaaqudgha
Makhleb
Okawaru
Sif Muna
Trog
Uskayaw
Zin


Innate Abilities, Weirdness & Mutations

You are small and have problems with some larger weapons.
You are somewhat resistant to further mutation.


Message History

The eight-headed hydra completely misses you.
The eight-headed hydra bites you!
* * * LOW HITPOINT WARNING * * *
You feel much better.
You block the eight-headed hydra's attack.
The eight-headed hydra misses you.
You block the eight-headed hydra's attack.
The eight-headed hydra bites you but does no damage.
The eight-headed hydra bites you!
* * * LOW HITPOINT WARNING * * *
The eight-headed hydra barely misses you.
The eight-headed hydra misses you.
The eight-headed hydra barely misses you.
The eight-headed hydra bites you!
* * * LOW HITPOINT WARNING * * *
The eight-headed hydra misses you.
The eight-headed hydra closely misses you.
The eight-headed hydra completely misses you.
The eight-headed hydra bites you!
You die...

## ### #####.##.###
..........P# ##♣♣♣♣
#..........###....♣♣♣♣ ♣♣♣
............##.....♣(♣♣♣ ♣..
.............##t@D..♣÷†♣♣♣
♣..
..................♣♣♣♣♣..♣♣♣
♣♣. .................♣♣♣
♣♣♣D.♣♣ ♣.
...................♣
♣♣..♣♣♣♣.
..................♣♣
♣♣..♣♣..
.....(............♣♣ ♣..♣..♣
.....(.............♣ ♣♣..♣♣♣
.....(.............♣ ♣♣..♣♣
.....(.............♣ ♣♣..♣


You could see an eight-headed hydra and a crocodile.

Vanquished Creatures
  Josephine (Lair:6)
  2 ice dragons (IceCv)
  6 hydras
  Harold (D:7)
  Urug (Lair:2)
  Pikel (D:5)
  7 oklob plants
  11 elephants
  A merfolk siren (Lair:3)
  9 black mambas
  2 ice statues (IceCv)
  8 spiny frogs
  6 rime drakes
  4 komodo dragons
  A merfolk (Lair:3)
  A polar bear (Lair:6)
  7 blink frogs
  6 hippogriffs
  2 redbacks (Lair:3)
  5 wraiths (Lair:6)
  6 yaks
  2 basilisks
  11 water moccasins
  24 ice beasts
  9 porcupines
  3 slaves (D:5)
  A sky beast (D:5)
  4 orc warriors
  A phantom (D:5)
  9 wolves
  3 centaurs
  An ogre (D:7)
  14 crocodiles
  4 big kobolds
  10 bullfrogs
  A wyvern zombie (D:6)
  A scorpion (D:5)
  13 killer bees
  3 electric eels
  3 howler monkeys
  3 crimson imps
  A centaur zombie (D:6)
  2 jellies
  4 orc priests
  A hound (D:4)
  13 orc wizards
  2 iguanas
  3 worker ants
  4 gnolls (D:3)
  6 river rats (Sewer)
  14 adders
  3 shadow imps
  An ooze (D:3)
  2 adder zombies
  3 worms
  10 dart slugs
  2 leopard geckos
  35 orcs
  13 bats
  2 giant cockroaches
  12 goblins
  10 hobgoblins
  10 jackals
  3 quokkas
  7 ball pythons
  7 frilled lizards
  28 kobolds
  A leopard gecko zombie (D:5)
  20 rats
  2 plants
429 creatures vanquished.

Vanquished Creatures (others)
  An orc wizard (D:5)
  2 fungi
  5 plants
8 creatures vanquished.

Grand Total: 437 creatures vanquished

Notes
Turn   | Place    | Note
-------+----------+-------------------------------------------
     0 | D:1      | schauveau the Halfling Hunter began the quest for the Orb.
     0 | D:1      | Reached XP level 1. HP: 14/14 MP: 1/1
    69 | D:1      | Reached skill level 6 in Slings
   104 | D:2      | Reached XP level 2. HP: 13/19 MP: 2/2
   505 | D:2      | Reached XP level 3. HP: 24/24 MP: 3/3
   505 | D:2      | Reached XP level 4. HP: 29/29 MP: 4/4
   962 | D:3      | Found a glowing drain.
  1218 | Sewer    | Entered a sewer
  1443 | Sewer    | Noticed a big kobold
  1455 | Sewer    | Killed a big kobold
  1455 | Sewer    | Reached skill level 7 in Slings
  1455 | Sewer    | Reached XP level 5. HP: 14/35 MP: 5/5
  2077 | Sewer    | Reached XP level 6. HP: 41/41 MP: 6/6
  2745 | D:4      | Reached skill level 8 in Slings
  2998 | D:4      | Reached XP level 7. HP: 32/46 MP: 7/7
  3018 | D:4      | Found a staircase to the Ecumenical Temple.
  3223 | D:5      | Entered Level 5 of the Dungeon
  3766 | D:5      | Noticed Pikel
  3816 | D:5      | Killed Pikel
  3816 | D:5      | Reached skill level 10 in Slings
  3816 | D:5      | Reached XP level 8. HP: 21/54 MP: 8/8
  4031 | D:5      | Reached skill level 5 in Dodging
  4031 | D:5      | Reached skill level 5 in Stealth
  4295 | Temple   | Entered the Ecumenical Temple
  4372 | Temple   | Became a worshipper of Warmaster Okawaru
  4863 | D:2      | Found a faded altar of an unknown god.
  5506 | D:2      | Reached XP level 9. HP: 40/59 MP: 9/9
  5985 | D:3      | Found a glowing silver altar of Zin.
  6085 | D:3      | Found an opulent altar of Gozag.
  6209 | D:3      | Reached skill level 11 in Slings
  6676 | D:5      | Reached skill level 1 in Shields
  7151 | D:6      | Reached * piety under Okawaru
  7563 | D:6      | Reached skill level 5 in Fighting
  8496 | D:7      | Reached skill level 12 in Slings
  8973 | D:7      | Found a burning altar of Makhleb.
  8996 | D:7      | Reached ** piety under Okawaru
  9142 | D:7      | Reached XP level 10. HP: 66/66 MP: 10/10
  9255 | D:7      | Found a blossoming altar of Fedhas.
  9529 | D:7      | Noticed Harold
  9564 | D:7      | Killed Harold
  9564 | D:7      | Reached skill level 13 in Slings
  9767 | D:8      | Reached *** piety under Okawaru
 10167 | D:8      | Received a gift from Okawaru
 10974 | D:8      | Found a staircase to the Lair.
 10974 | D:8      | Noticed a komodo dragon
 11016 | D:8      | Killed a komodo dragon
 11047 | Lair:1   | Entered Level 1 of the Lair of Beasts
 11073 | Lair:1   | Noticed a five-headed hydra
 11081 | Lair:1   | Noticed a black mamba
 11086 | Lair:1   | Killed a five-headed hydra
 11086 | Lair:1   | Reached **** piety under Okawaru
 11086 | Lair:1   | Received a gift from Okawaru
 11086 | Lair:1   | Reached skill level 14 in Slings
 11086 | Lair:1   | Reached skill level 5 in Shields
 11086 | Lair:1   | Reached XP level 11. HP: 50/73 MP: 11/11
 11129 | Lair:1   | Reached ***** piety under Okawaru
 11233 | Lair:1   | Received a gift from Okawaru
 11546 | Lair:1   | Reached skill level 15 in Slings
 12655 | Lair:2   | Got an ichor-stained great sword
 12664 | Lair:2   | Noticed an oklob plant
 12919 | Lair:2   | Noticed Urug
 12935 | Lair:2   | Killed Urug
 13345 | Lair:2   | Killed an oklob plant
 13345 | Lair:2   | Received a gift from Okawaru
 13345 | Lair:2   | Reached XP level 12. HP: 66/81 MP: 12/12
 13415 | Lair:3   | Found a frozen archway.
 13466 | Lair:3   | Reached skill level 16 in Slings
 13554 | IceCv    | Entered an ice cave
 13981 | IceCv    | Received a gift from Okawaru
 14125 | IceCv    | Reached skill level 10 in Stealth
 14260 | IceCv    | Noticed an ice dragon
 14261 | IceCv    | Noticed an ice dragon
 14300 | IceCv    | Killed an ice dragon
 14348 | IceCv    | Killed an ice dragon
 14348 | IceCv    | Received a gift from Okawaru
 14411 | IceCv    | Got a glittering granite ring
 14690 | Lair:3   | Reached skill level 17 in Slings
 14846 | Lair:3   | Identified the ring "Bueb" {MP+9 Str+5} (You found it in an
                  | ice cave)
 14986 | Lair:3   | Found a hole to the Spider Nest.
 15101 | Lair:3   | Reached skill level 10 in Dodging
 15204 | Lair:3   | Received a gift from Okawaru
 15204 | Lair:3   | Reached XP level 13. HP: 89/89 MP: 13/13
 15210 | Lair:3   | Reached ****** piety under Okawaru
 15320 | Lair:3   | Found a staircase to the Shoals.
 15739 | Lair:4   | Noticed a four-headed hydra
 15748 | Lair:4   | Killed a four-headed hydra
 15864 | Lair:4   | Received a gift from Okawaru
 15891 | Lair:4   | Received a gift from Okawaru
 16949 | Lair:5   | Found a staircase to the Slime Pits.
 17717 | Lair:5   | Received a gift from Okawaru
 19034 | Lair:6   | Entered Level 6 of the Lair of Beasts
 19071 | Lair:6   | Noticed a five-headed hydra
 19084 | Lair:6   | Killed a five-headed hydra
 19096 | Lair:6   | Reached skill level 10 in Fighting
 19098 | Lair:6   | Noticed a seven-headed hydra
 19108 | Lair:6   | Killed a seven-headed hydra
 19221 | Lair:6   | Noticed a five-headed hydra
 19238 | Lair:6   | Noticed a five-headed hydra
 19255 | Lair:6   | Killed a five-headed hydra
 19255 | Lair:6   | Reached XP level 14. HP: 78/99 MP: 14/14
 19555 | Lair:6   | Noticed Josephine
 19587 | Lair:6   | Received a gift from Okawaru
 19683 | Lair:6   | Killed Josephine
 19749 | Lair:6   | HP: 4/99 [eight-headed hydra (9)]
 19750 | Lair:6   | Mangled by an eight-headed hydra

Skill      XL: |  1  2  3  4  5  6  7  8  9 10 11 12 13 14 |
---------------+-------------------------------------------+-----
Slings         | 6 7 8 10 12 14 15 17 | 17.3
Fighting       | 2 3 4 5 6 7 8 10 | 10.6
Stealth        | 2 3 4 5 6 7 9 10 12 13 | 13.2
Dodging        | 3 4 5 6 7 8 10 11 12 | 12.4
Shields        | 3 5 |  5.6

Action                   |  1- 3 |  4- 6 |  7- 9 | 10-12 | 13-15 || total
-------------------------+-------+-------+-------+-------+-------++-------
Melee: Short sword       |    13 |    24 |       |       |       ||    37
       Dagger            |       |       |    62 |    84 |    42 ||   188
 Fire: Hunting sling     |    15 |   207 |   588 |   858 |   511 ||  2179
       Blowgun           |       |       |    72 |       |       ||    72
Throw: Stone             |       |       |     2 |       |       ||     2
Invok: Finesse           |       |       |       |     1 |       ||     1
  Use: Scroll            |       |       |    12 |    13 |     4 ||    29
       Potion            |       |       |     7 |     6 |     4 ||    17
 Stab: Sleeping          |     1 |       |       |       |       ||     1
  Eat: Ration            |       |     2 |     3 |     5 |     3 ||    13
       Chunk             |       |     1 |     6 |     3 |     3 ||    13
Armor: Leather armour    |     7 |    15 |    32 |    15 |    15 ||    84
Dodge: Dodged            |    29 |    78 |   151 |   155 |   150 ||   563
Block: Buckler           |       |       |       |    91 |    80 ||   171
